 Dungeon Crawl Stone Soup version 0.30-a0-279-g4b46babb21 (webtiles) character file.

Game seed: 6989214586671254128

574 purpskrrrp the Cleaver (level 7, -2/57 HPs)
             Began as a Minotaur Fighter on Oct 16, 2022.
             Was an Initiate of Wu Jian.
             Slain by an ogre
             ... wielding a +0 giant club
              (17 damage)
             ... on level 5 of the Dungeon.
             The game lasted 00:06:54 (3735 turns).

purpskrrrp the Cleaver (Minotaur Fighter)           Turns: 3735, Time: 00:06:54

Health: -2/57      AC: 13    Str: 22    XL:     7   Next: 12%
Magic:  6/6        EV:  6    Int:  5    God:    Wu Jian [......]
Gold:   283        SH:  4    Dex: 10    Spells: 6/6 levels left

rFire   x . .      SeeInvis .    a - +0 war axe (freeze)
rCold   + . .      Faith    .    c - +0 buckler
rNeg    . . .      Spirit   .    l - +0 plate armour
rPois   .          Reflect  .    (helmet restricted)
rElec   .          Harm     .    (no cloak)
rCorr   .          Rampage  .    (no gloves)
Will    .....                    j - +0 pair of boots
Stlth   ..........               (no amulet)
HPRegen 0.29/turn                e - ring of ice
MPRegen 0.10/turn                (no ring)

@: no status effects
A: horns 2, retaliatory headbutt
a: Renounce Religion


You were on level 5 of the Dungeon.
You worshipped Wu Jian.
Wu Jian was noncommittal.
You visited 1 branch of the dungeon, and saw 5 of its levels.
You also visited: Sewer.

You collected 283 gold pieces.

Inventory:

Hand Weapons
 a - a +0 war axe of freezing (weapon)
Armour
 b - a +0 scale mail
 c - a +0 buckler (worn)
 j - a +0 pair of boots (worn)
 k - a +0 chain mail
 l - a +0 plate armour (worn)
Jewellery
 e - a ring of ice (left hand)
Wands
 f - a wand of paralysis (8)
 p - a wand of mindburst (8)
Potions
 d - 4 potions of might
 g - a potion of attraction {unknown}
 h - 3 potions of flight
 i - 2 potions of heal wounds
 q - a potion of ambrosia
 r - a potion of haste {unknown}
 s - 4 potions of curing
 t - a potion of berserk rage {unknown}


   Skills:
 - Level 3.6 Fighting
 * Level 8.2 Axes
 + Level 5.9 Armour
 - Level 3.6 Shields


You had 6 spell levels left.
You didn't know any spells.
Your spell library contained the following spells:

 Spells                   Type           Power      Damage    Failure   Level
 Magic Dart               Conj           0%         1d3       100%        1
 Call Imp                 Summ           0%         N/A       100%        2
 Mephitic Cloud           Conj/Pois/Air  0%         N/A       100%        3


Dungeon Overview and Level Annotations

Branches:
Dungeon (5/15)             Temple (0/1) D:4           Sewer (visited)

Altars:
Dithmenos
Kikubaaqudgha
Uskayaw
Vehumet
Wu Jian
Yredelemnul
The Shining One

Shops:
D:2 (


Innate Abilities, Weirdness & Mutations

You have a pair of horns on your head.
You reflexively headbutt those who attack you in melee.


Message History

You hit the ogre but do no damage.
You headbutt the ogre, but do no damage.
The ogre is severely wounded.
The ogre hits you but does no damage.
You closely miss the ogre.
The ogre is severely wounded.
The ogre hits you with a +0 giant club!!
* * * LOW HITPOINT WARNING * * *
You are too injured to fight recklessly!
You are too injured to fight recklessly!
You are too injured to fight recklessly!
You are too injured to fight recklessly!
You are too injured to fight recklessly!
You are too injured to fight recklessly!
You are too injured to fight recklessly!
You are too injured to fight recklessly!
You are too injured to fight recklessly!
You are too injured to fight recklessly!
You are too injured to fight recklessly!
You are too injured to fight recklessly!
You are too injured to fight recklessly!
You are too injured to fight recklessly!
You are too injured to fight recklessly!
You are too injured to fight recklessly!
You are too injured to fight recklessly!
You are too injured to fight recklessly!
You are too injured to fight recklessly!
You are too injured to fight recklessly!
You are too injured to fight recklessly!
You barely miss the ogre. You headbutt the ogre.
The ogre is severely wounded.
You feel much better. The ogre barely misses you.
You barely miss the ogre.
The ogre is severely wounded.
The ogre hits you with a +0 giant club!
* * * LOW HITPOINT WARNING * * *
You hit the ogre. You freeze the ogre. You headbutt the ogre.
The ogre is almost dead.
The ogre hits you with a +0 giant club!
You die...

#####.......
#..........###.........
#....##.#.......... ...
##....##.#..###.... ....
...............<..#.....
##....##..####....#.....
##.#####..............(.
...........#..>..?......
##.####.....#.<.@O......
#..........##.#........
#####......##.#####....
##.................
#.....##........ .
########......#+
#########....#..###...
.............+..# ...
#####........##.###. .


You could see an ogre.

Vanquished Creatures
  Menkaure (D:4)
  A phantom (D:4)
  A kobold brigand (Sewer)
  A scorpion (D:4)
  Robin (D:2)
  7 adders
  A gnoll (D:1)
  7 river rats
  An ufetubus (D:4)
  3 worms (D:2)
  2 dart slugs
  An orc (D:4)
  4 endoplasms
  2 giant cockroaches (D:1)
  9 goblins (D:2)
  13 hobgoblins
  8 jackals
  11 kobolds
  A quokka (D:4)
  5 ball pythons
  3 bats
  5 frilled lizards (D:2)
  8 rats
96 creatures vanquished.

Notes
Turn   | Place    | Note
-------+----------+-------------------------------------------
     0 | D:1      | purpskrrrp the Minotaur Fighter began the quest for the
                  | Orb.
     0 | D:1      | Reached XP level 1. HP: 19/19 MP: 0/0
    77 | D:1      | Reached skill level 3 in Axes
    77 | D:1      | Reached XP level 2. HP: 19/26 MP: 1/1
   218 | D:1      | Reached skill level 4 in Axes
   257 | D:1      | Reached XP level 3. HP: 28/31 MP: 2/2
   655 | D:2      | Found Pounk's Antique Weapon Boutique.
   730 | D:2      | Found a basalt altar of Yredelemnul.
   826 | D:2      | You fall into a shaft and drop 1 floor!
  1032 | D:3      | Reached skill level 5 in Axes
  1079 | D:3      | Reached XP level 4. HP: 35/39 MP: 3/3
  1284 | D:3      | Found a radiant altar of Vehumet.
  1405 | D:3      | Found a shadowy altar of Dithmenos.
  1807 | D:2      | Noticed Robin
  1820 | D:2      | Killed Robin
  2066 | D:1      | Gained mutation: Your mind is acute. (Int +4, Str/Dex -1)
                  | [potion of mutation]
  2066 | D:1      | Lost mutation: Your mind is acute. (Int +4, Str/Dex -1)
                  | [potion of mutation]
  2292 | D:4      | Reached XP level 5. HP: 30/45 MP: 4/4
  2320 | D:4      | Reached skill level 6 in Axes
  2370 | D:4      | Found a glowing drain.
  2376 | Sewer    | Entered a sewer
  2550 | Sewer    | Reached skill level 5 in Armour
  2550 | Sewer    | Reached XP level 6. HP: 46/51 MP: 5/5
  2585 | Sewer    | Found a white marble altar of Elyvilon.
  2657 | Sewer    | Became a worshipper of Elyvilon the Healer
  2731 | D:4      | Found an ancient bone altar of Kikubaaqudgha.
  2776 | D:4      | Found a hide-covered altar of Uskayaw.
  2838 | D:4      | Found an ornate altar of the Wu Jian Council.
  2912 | D:4      | Found a glowing golden altar of the Shining One.
  2914 | D:4      | Noticed an angel
  2934 | D:4      | Reached skill level 7 in Axes
  2955 | D:4      | Found a staircase to the Ecumenical Temple.
  2987 | D:4      | Reached * piety under Elyvilon
  3266 | D:4      | Noticed Menkaure
  3271 | D:4      | Killed Menkaure
  3272 | D:4      | Reached skill level 8 in Axes
  3272 | D:4      | Reached XP level 7. HP: 35/57 MP: 6/6
  3392 | D:4      | Found a basalt altar of Yredelemnul.
  3394 | D:4      | Noticed a profane servitor
  3507 | D:4      | Fell from the grace of Elyvilon
  3507 | D:4      | Became a worshipper of the Wu Jian Council
  3647 | D:5      | Entered Level 5 of the Dungeon
  3735 | D:5      | Slain by an ogre

Illustrated notes

Levels and vault maps discovered:
D:1:      tarquinn_simple_flora_water_b, layout_rooms, serial_curves,
          eino_curves_02, eino_curves_02, grunt_decor_arrowhead
D:2:      layout_basic, basic_altar, serial_shops,
          nicolae_shop_advertising_works [nicolae_subvault_shop_adworks],
          uniq_robin
D:3:      layout_loops_ring, mainiacjoe_overflow_alcove_1,
          nicolae_vehumet_altar_sigil, kennysheep_flooded_box,
          serial_bayou_lake_a
D:4:      layout_basic, grunt_temple_overflow_holy_war, kennysheep_mini_moat,
          mainiacjoe_overflow_24_doors, nzn_wu_jian_council_hall,
          temple_doors_e, lightli_sewer_entry_pipes, uniq_menkaure
D:5:      layout_basic, amcnicky_altar_gilded, marbit_many_paths,
          kennysheep_dice

Skill      XL: |  1  2  3  4  5  6 |
---------------+-------------------+-----
Axes           | 3 4 5 6 8 |  8.2
Armour         | 4 5 |  5.9
Fighting       | |  3.6
Shields        | |  3.6

Action                   |  1- 3 |  4- 6 |  7- 9 || total
-------------------------+-------+-------+-------++-------
Melee: War axe           |    74 |   150 |    10 ||   234
       Headbutt          |    17 |    21 |     4 ||    42
Invok: Lunge             |       |       |     1 ||     1
  Use: Scroll            |       |    13 |       ||    13
       Potion            |       |     1 |     1 ||     2
Armor: Scale mail        |     9 |       |       ||     9
       Plate armour      |    21 |   100 |     1 ||   122
Dodge: Dodged            |    31 |    32 |     3 ||    66
Block: Buckler           |    22 |    30 |       ||    52

Table legend: (Time is in decaauts)
 A = Elapsed time spent in this place.
 B = Non-inter-level travel time spent in this place.
 C = Inter-level travel time spent in this place.
 D = Time resting spent in this place.
 E = Time spent auto-exploring this place.
 F = Levels seen in this place.
 G = Mean time per level.
                   A        B        C        D        E       F      G
               +--------+--------+--------+--------+--------+-----+--------+
         Total |   3896 |   3406 |    490 |    113 |   2519 |   6 |  649.3 |
       Dungeon |   3548 |   3058 |    490 |     33 |   2386 |   5 |  709.6 |
         Sewer |    348 |    348 |      0 |     80 |    133 |   1 |  348.0 |
               +--------+--------+--------+--------+--------+-----+--------+

Top non-repeatable levels by time:
     D:4: 1250 daAuts
     D:3: 819 daAuts
     D:2: 736 daAuts
     D:1: 652 daAuts
   Sewer: 348 daAuts
     D:5: 88 daAuts
